Map: Blackpink LE

Players

puCK (Nina) - Winner!

  • Race: Protoss Protoss
  • League: Master
  • Spawn Location: 1:00

ViBE

  • Race: Zerg Zerg
  • League: Master
  • Spawn Location: 7:00

VOD

Have the link to the VOD?

Description

Time

  • Played on: Nov. 14, 2017, 11:05 p.m.
  • Length: 12:29
Show
View Real Time Build Order
Export as new Build Order

puCK Protoss - Winner!

Build Orders: 1 Gate Expand 

Get SALT Encoding   

  12  0:00  Probe  
  13  0:13  Probe  
  14  0:21  Pylon  
  14  0:25  Probe  
  15  0:39  Probe (Chrono Boost)  
  15  0:40  Gateway  
  17  0:50  Assimilator  
  17  0:51  Probe (Chrono Boost)  
  17  0:55  Probe  
  18  1:07  Probe  
  19  1:25  Nexus  
  19  1:27  Probe  
  20  1:38  Gateway  
  20  1:41  Probe  
  20  1:45  Cybernetics Core  
  21  1:53  Probe  
  22  1:55  Assimilator  
  22  1:59  Pylon  
  22  2:05  Probe  
  23  2:17  Probe  
  23  2:22  Stalker (Chrono Boost)  
  26  2:23  Warp Gate  
  26  2:29  Probe  
  27  2:39  Probe  
  27  2:42  Sentry  
  31  2:44  Probe (Chrono Boost)  
  31  2:51  Probe (Chrono Boost)  
  32  2:56  Probe (Chrono Boost)  
  34  3:02  Probe x2 (Chrono Boost)  
  34  3:05  Probe  
  36  3:10  Probe  
  37  3:13  Nexus  
  37  3:15  Sentry  
  37  3:17  Probe  
  40  3:24  Probe  
  40  3:25  Pylon  
  41  3:29  Probe  
  41  3:34  Gateway  
  42  3:36  Probe  
  43  3:41  Probe  
  43  3:45  Gateway  
  43  3:48  Gateway  
  44  3:49  Probe  
  44  3:53  Probe  
  44  3:55  Sentry  
  48  4:02  Forge, Probe  
  49  4:06  Probe  
  49  4:08  Pylon  
  50  4:14  Probe  
  51  4:17  Phoenix  
  51  4:18  Shield Battery, Probe  
  52  4:26  Probe  
  52  4:28  Probe, Robotics Facility  
  52  4:30  Probe  
  55  4:31  Sentry x2  
  55  4:35  Shield Battery  
  55  4:36  Shield Battery  
  55  4:38  Probe  
  60  4:39  Protoss Ground Weapons Level 1 (Chrono Boost)  
  60  4:41  Probe, Sentry  
  60  4:43  Probe  
  64  4:49  Pylon  
  64  4:50  Probe  
  64  4:52  Assimilator  
  65  4:53  Assimilator  
  65  4:56  Stalker  
  65  4:57  Stalker  
  69  5:00  Probe  
  69  5:01  Probe  
  69  5:02  Probe  
  72  5:10  Adept  
  72  5:12  Probe  
  72  5:13  Probe  
  76  5:14  Probe  
  76  5:17  Phoenix  
  77  5:23  Gateway x2  
  77  5:24  Warp Prism (Chrono Boost), Probe  
  77  5:25  Probe  
  81  5:33  Probe  
  82  5:36  Probe  
  82  5:38  Assimilator, Probe  
  82  5:39  Twilight Council  
  82  5:42  Assimilator  
  85  5:54  Pylon  
  85  5:57  Observer (Chrono Boost), Pylon  
  85  5:59  Pylon  
  85  6:02  Shield Battery, Pylon  
  85  6:04  Pylon  
  85  6:07  Shield Battery, Robotics Facility, Pylon  
  85  6:12  Probe x3  
  85  6:13  Immortal  
  85  6:17  Blink (Chrono Boost)  
  92  6:19  Protoss Ground Weapons Level 2 (Chrono Boost)  
  92  6:24  Shield Battery, Probe x2  
  94  6:27  Stalker  
  94  6:31  Stalker  
  94  6:32  Stalker  
  100  6:39  Robotics Bay  
  100  6:40  Stalker  
  100  6:43  Stalker  
  100  6:46  Stalker  
  106  6:51  Stalker  
  108  6:56  Stalker x2  
  112  7:12  Probe  
  112  7:15  Immortal x2 (Chrono Boost)  
  117  7:29  Stalker x4  
  125  7:35  Pylon  
  125  7:36  Nexus, Pylon  
  125  7:38  Pylon  
  125  7:41  Pylon  
  127  7:44  Colossus (Chrono Boost)  
  137  8:00  Extended Thermal Lance  
  137  8:02  Shield Battery, Colossus (Chrono Boost)  
  137  8:03  Shield Battery  
  137  8:05  Shield Battery x2  
  137  8:06  Stalker x2  
  137  8:08  Shield Battery  
  137  8:09  Sentry x2  
  145  8:17  Shield Battery  
  145  8:19  Shield Battery  
  144  8:23  Stalker x2  
  148  8:30  Colossus (Chrono Boost)  
  148  8:34  Photon Cannon  
  154  8:35  Photon Cannon, Zealot  
  154  8:37  Shield Battery  
  156  8:44  Charge  
  156  8:47  Pylon  
  156  8:50  Zealot x3  
  162  9:00  Stalker x3  
  168  9:09  Colossus  
  174  9:27  Assimilator  
  174  9:28  Assimilator  
  174  9:33  Stalker x4  
  174  9:34  Stalker x2  
  174  9:37  Probe, Pylon  
  187  9:49  Probe  
  171  10:03  Photon Cannon  
  166  10:07  Photon Cannon  
  166  10:09  Photon Cannon  
  166  10:13  Pylon  
  159  10:15  Pylon  
  159  10:16  Photon Cannon, Pylon  
  159  10:17  Photon Cannon  
  137  10:30  Zealot  
  137  10:32  Dark Shrine  
  137  10:33  Gateway  
  131  10:35  Gateway  
  131  10:37  Pylon  
  119  10:57  Pylon  
  119  10:59  Pylon  
  111  11:46  Pylon  
  99  11:49  Pylon  
Show
View Real Time Build Order
Export as new Build Order

ViBE Zerg 

Build Orders: 3 Hatch before Pool, Lurkers 

Get SALT Encoding   

  12  0:00  Drone  
  13  0:12  Overlord  
  13  0:18  Drone  
  14  0:31  Drone x2  
  14  0:35  Drone  
  17  0:52  Hatchery  
  17  0:56  Drone  
  18  1:04  Drone  
  18  1:06  Drone  
  19  1:32  Hatchery  
  19  1:36  Spawning Pool  
  19  1:39  Drone  
  18  1:42  Drone  
  18  1:46  Drone  
  20  1:51  Drone  
  21  2:01  Drone  
  21  2:07  Drone  
  23  2:21  Drone x2  
  25  2:24  Queen  
  25  2:27  Overlord  
  27  2:31  Drone  
  27  2:35  Overlord  
  28  2:44  Queen  
  28  2:46  Overlord x2  
  28  2:47  Drone  
  28  2:48  Drone  
  32  2:55  Extractor, Drone  
  32  2:56  Drone  
  32  2:58  Extractor  
  32  2:59  Drone  
  33  3:05  Queen x2  
  33  3:11  Drone  
  33  3:12  Drone x2  
  40  3:16  Zergling x2  
  41  3:23  Drone x2  
  43  3:28  Overlord  
  43  3:29  Drone  
  43  3:33  Roach Warren  
  43  3:44  Lair, Drone x3  
  46  3:51  Drone  
  46  3:52  Drone x3  
  50  4:05  Drone x3  
  53  4:10  Drone x2  
  53  4:15  Drone  
  56  4:22  Drone x6  
  61  4:30  Drone x2  
  61  4:31  Drone x2  
  65  4:33  Hatchery  
  65  4:36  Extractor  
  65  4:37  Extractor, Evolution Chamber  
  65  4:38  Evolution Chamber, Drone  
  60  4:39  Drone x3  
  60  4:44  Roach  
  66  4:48  Hydralisk Den  
  66  4:50  Overlord x2  
  65  5:06  Overlord x2  
  65  5:10  Roach  
  65  5:11  Roach x2  
  71  5:17  Muscular Augments  
  71  5:18  Hydralisk x3  
  71  5:19  Hydralisk  
  80  5:21  Drone x3  
  82  5:32  Metabolic Boost  
  82  5:38  Extractor  
  82  5:39  Extractor  
  80  5:44  Drone x3  
  80  5:45  Drone x3  
  80  5:47  Drone x2  
  80  5:48  Drone x3  
  91  5:53  Zerg Missile Weapons Level 1  
  91  5:54  Zerg Melee Weapons Level 1  
  91  6:04  Overlord x4  
  91  6:17  Hydralisk x4, Hatchery  
  98  6:24  Hydralisk x3  
  98  6:25  Hydralisk x3  
  110  6:33  Hydralisk x2  
  110  6:34  Hydralisk  
  116  6:45  Hydralisk  
  116  6:46  Hydralisk x3  
  124  6:47  Zergling x2  
  124  6:48  Zergling x10  
  124  6:52  Zergling x2  
  129  6:58  Overlord  
  129  6:59  Overlord x2  
  123  7:20  Drone  
  123  7:21  Drone x10  
  123  7:22  Infestation Pit  
  132  7:37  Hydralisk x8  
  132  7:43  Lurker Den  
  147  7:48  Zerg Missile Weapons Level 2, Zerg Melee Weapons Level 2  
  147  7:50  Zergling x2  
  147  7:51  Zergling x18  
  157  8:05  Hive, Hydralisk  
  157  8:06  Overlord  
  157  8:07  Overlord x4  
  159  8:20  Extractor  
  159  8:21  Extractor  
  155  8:27  Hatchery  
  154  8:36  Zergling x2  
  154  8:37  Zergling x32  
  153  9:09  Lurker x6  
  165  9:10  Lurker x6  
  165  9:13  Zergling x24  
  165  9:16  Adaptive Talons  
  175  9:34  Hydralisk x7  
  175  9:35  Zergling x16  
  194  9:43  Extractor  
  179  10:04  Drone  
  179  10:05  Drone x2  
  119  10:23  Hydralisk x9  
  119  10:27  Hatchery  
  108  10:44  Drone  
  81  11:08  Hatchery  
  79  11:21  Hatchery  
Tags
 
Add a new tag
Caveats
  • Supply blocks, unpowered buildings, or Contaminate may cause inaccurate times.
  • Supply counts are checked every 10 seconds.